[Event "WJCC U20 Juniors 2017"]
[Site "?"]
[Date "2024.04.13"]
[Round "7.11"]
[White "Yu, Jennifer"]
[Black "Osmak, Iulija"]
[Result "1/2-1/2"]
[WhiteElo "2321"]
[BlackElo "2345"]
[PlyCount "86"]
[EventType "swiss"]
[EventCountry "ITA"]
[SourceTitle "Tarvisio"]
[TimeControl "40/5400+30:1800+30"]
[WhiteClock "0:31:00"]
[BlackClock "0:33:00"]

1. d4 f5 2. Nf3 e6 3. g3 Nf6 4. Bg2 d5 5. b3 Bd6 6. Bb2 c6 7. c4 O-O 8. Nbd2 Nbd7 9. h3 a5 10. a3 Ne4 11. c5 Bc7 12. e3 b6 13. cxb6 Bd6 14. Qc2 Qxb6 15. O-O Ba6 16. Rfc1 Rac8 17. Bf1 c5 18. dxc5 Ndxc5 19. Qd1 Bxf1 20. Qxf1 Nxb3 21. Nxb3 Qxb3 22. Bxg7 Rxc1 23. Qxc1 Kxg7 24. Nd4 Qc3 25. Nxe6+ Kf6 26. Nxf8 Bxf8 27. Qxc3+ Nxc3 28. g4 f4 29. Kg2 fxe3 30. fxe3 Bc5 31. Kf3 Ne4 32. Kf4 Bd6+ 33. Kf3 Ke6 34. a4 h6 35. Rc1 Nc5 36. h4 Nd3 37. Rg1 Be7 38. Ke2 Ne5 39. g5 hxg5 40. hxg5 Kf5 41. Rd1 Ke6 42. Rg1 Kf5 43. Rd1 Ke6 1/2-1/2

[Event "WJCC U20 Juniors 2017"]
[Site "?"]
[Date "2024.04.13"]
[Round "7.12"]
[White "Tsolakidou, Stavroula"]
[Black "Nomin-Erdene, Davaademberel"]
[Result "1-0"]
[WhiteElo "2340"]
[BlackElo "2358"]
[PlyCount "89"]
[EventType "swiss"]
[EventCountry "ITA"]
[SourceTitle "Tarvisio"]
[TimeControl "40/5400+30:1800+30"]
[WhiteClock "0:30:00"]
[BlackClock "0:27:00"]

1. e4 e5 2. Nf3 Nc6 3. Bb5 a6 4. Ba4 Nf6 5. d3 d6 6. c3 g6 7. h3 Bg7 8. Be3 O-O 9. Nbd2 b5 10. Bc2 Re8 11. O-O Bb7 12. a4 b4 13. a5 bxc3 14. bxc3 Na7 15. Bb3 h6 16. Bxf7+ Kxf7 17. Qb3+ Re6 18. Qxb7 Nb5 19. c4 Rb8 20. Qxa6 Nc3 21. Ra3 Ne2+ 22. Kh1 d5 23. Nxe5+ Rxe5 24. cxd5 Bf8 25. Raa1 Re8 26. Rfe1 Nc3 27. Qc4 Nb5 28. a6 Nd6 29. Qc2 Bg7 30. a7 Ra8 31. Rab1 Nd7 32. Rec1 Rc8 33. Nf3 g5 34. Qd1 Qe7 35. Nd4 Bxd4 36. Qh5+ Kf8 37. Bxd4 Nf7 38. Qg6 Nde5 39. Qf5 Kg8 40. Rc6 Qd7 41. Rg6+ Kf8 42. Bc5+ Re7 43. Bxe7+ Kxe7 44. Qf6+ Kf8 45. Qg7+ 1-0

[Event "WJCC U20 Juniors 2017"]
[Site "?"]
[Date "2024.04.13"]
[Round "7.13"]
[White "Aakanksha Hagawane"]
[Black "Vaishali R"]
[Result "1/2-1/2"]
[WhiteElo "2312"]
[BlackElo "2325"]
[PlyCount "81"]
[EventType "swiss"]
[EventCountry "ITA"]
[SourceTitle "Tarvisio"]
[TimeControl "40/5400+30:1800+30"]
[WhiteClock "0:31:00"]
[BlackClock "0:32:00"]

1. e4 e5 2. Nf3 Nc6 3. Bb5 a6 4. Ba4 Nf6 5. O-O b5 6. Bb3 Bb7 7. d3 Be7 8. Nc3 O-O 9. a3 Nd4 10. Nxd4 exd4 11. Ne2 c5 12. e5 Ne8 13. c3 dxc3 14. bxc3 d6 15. f4 Qb6 16. d4 c4 17. Bc2 f6 18. exd6 Nxd6 19. f5 Ne4 20. Rf4 Ng5 21. h4 Nf7 22. Rg4 Bd6 23. Nf4 Bxf4 24. Bxf4 Rae8 25. Rg3 Re7 26. Qg4 Ne5 27. Bxe5 fxe5 28. Re1 e4 29. Bxe4 Qf6 30. Rge3 Bxe4 31. Rxe4 Rxe4 32. Rxe4 Qxf5 33. Qe2 h6 34. Re8 Qd5 35. Qe7 Rxe8 36. Qxe8+ Kh7 37. h5 Qg5 38. Qe4+ Kg8 39. Qe8+ Kh7 40. Qe4+ Kg8 41. Qe8+ 1/2-1/2

[Event "WJCC U20 Juniors 2017"]
[Site "?"]
[Date "2024.04.13"]
[Round "7.14"]
[White "Mammadzada, Gunay"]
[Black "Paramzina, Anastasya"]
[Result "0-1"]
[WhiteElo "2393"]
[BlackElo "2123"]
[PlyCount "98"]
[EventType "swiss"]
[EventCountry "ITA"]
[SourceTitle "Tarvisio"]
[TimeControl "40/5400+30:1800+30"]
[WhiteClock "0:18:50"]
[BlackClock "0:16:06"]

1. e4 c5 2. Nf3 d6 3. d4 cxd4 4. Nxd4 Nf6 5. Nc3 a6 6. Bg5 Nbd7 7. Bc4 Qb6 8. Bb3 e6 9. Bxf6 Nxf6 10. Qd2 Be7 11. f4 Qc5 12. O-O-O b5 13. Rhe1 O-O 14. g4 Nxg4 15. Qg2 e5 16. Nd5 Bh4 17. h3 Bxe1 18. hxg4 exd4 19. g5 Rd8 20. Rxe1 Be6 21. Kb1 Rac8 22. f5 Bxd5 23. Bxd5 d3 24. cxd3 Qd4 25. Qf3 Rc5 26. g6 Rdc8 27. Bxf7+ Kf8 28. Bb3 h6 29. Rf1 Qf6 30. Qe3 Qg5 31. Qxg5 hxg5 32. d4 R5c7 33. Be6 Re8 34. Rg1 Ke7 35. Rxg5 Rh8 36. Rg1 Rh2 37. Bb3 Re2 38. Rf1 Kf6 39. Bd5 Rd2 40. a3 Rxd4 41. Rf2 Rd1+ 42. Ka2 a5 43. Rf3 a4 44. Rc3 Rxc3 45. bxc3 Rxd5 46. exd5 Kxf5 47. Kb2 Kxg6 48. c4 bxc4 49. Kc3 Kf5 0-1

[Event "WJCC U20 Juniors 2017"]
[Site "?"]
[Date "2024.04.13"]
[Round "7.16"]
[White "Assaubayeva, Bibisara"]
[Black "Terbe, Julianna"]
[Result "1-0"]
[WhiteElo "2395"]
[BlackElo "2263"]
[PlyCount "81"]
[EventType "swiss"]
[EventCountry "ITA"]
[SourceTitle "Tarvisio"]
[TimeControl "40/5400+30:1800+30"]
[WhiteClock "0:38:00"]
[BlackClock "0:33:00"]

1. d4 d5 2. c4 c6 3. Nf3 Nf6 4. Nc3 dxc4 5. a4 Bf5 6. Ne5 Nbd7 7. Nxc4 Qc7 8. g3 e5 9. dxe5 Nxe5 10. Bf4 Nfd7 11. Bg2 f6 12. O-O Be6 13. Nxe5 Nxe5 14. a5 a6 15. Qa4 Bc5 16. Ne4 Be7 17. Rac1 O-O 18. Be3 Nd7 19. Rfd1 Rad8 20. Rd2 Rfe8 21. h4 h6 22. Rcd1 Qc8 23. b4 Ne5 24. Rxd8 Rxd8 25. Bc5 Bxc5 26. Nxc5 Rxd1+ 27. Qxd1 Bc4 28. e4 Qc7 29. f4 Nf7 30. Qd4 Ba2 31. Bh3 Nd6 32. e5 fxe5 33. Qxe5 Qd8 34. Be6+ Bxe6 35. Qxe6+ Nf7 36. Nd7 h5 37. Kh2 c5 38. bxc5 Qxa5 39. Qe8+ Kh7 40. Nf8+ Kg8 41. Ne6+ 1-0

[Event "WJCC U20 Juniors 2017"]
[Site "?"]
[Date "2024.04.13"]
[Round "7.17"]
[White "Heinemann, Josefine"]
[Black "Badelka, Olga"]
[Result "1/2-1/2"]
[WhiteElo "2293"]
[BlackElo "2374"]
[PlyCount "88"]
[EventType "swiss"]
[EventCountry "ITA"]
[SourceTitle "Tarvisio"]
[TimeControl "40/5400+30:1800+30"]
[WhiteClock "0:45:00"]
[BlackClock "0:33:00"]

1. e4 c5 2. Nf3 Nc6 3. d4 cxd4 4. Nxd4 e5 5. Nb5 d6 6. N1c3 a6 7. Na3 Be7 8. Be3 Nf6 9. Nc4 b5 10. Nb6 Rb8 11. Nxc8 Qxc8 12. Be2 O-O 13. O-O Rd8 14. a4 Nb4 15. axb5 axb5 16. Bf3 h6 17. Qe2 Qc4 18. Ra7 Nc6 19. Rc7 Rdc8 20. Rxc8+ Rxc8 21. Nxb5 Qxe2 22. Bxe2 Nxe4 23. Rd1 Rb8 24. Bc1 Nf6 25. c4 Rd8 26. Kf1 Kf8 27. Be3 d5 28. cxd5 Nxd5 29. Bc1 f5 30. Nc3 Ndb4 31. Rxd8+ Bxd8 32. g3 Bg5 33. f4 exf4 34. h4 Bf6 35. Bxf4 Be5 36. Bxe5 Nxe5 37. b3 Ke7 38. Kf2 Kf6 39. Ke3 Nec6 40. Bc4 Ke5 41. Ne2 g5 42. hxg5 hxg5 43. Ng1 f4+ 44. gxf4+ gxf4+ 1/2-1/2

[Event "WJCC U20 Juniors 2017"]
[Site "?"]
[Date "2024.04.13"]
[Round "7.18"]
[White "Nie, Xin"]
[Black "Zhu, Jiner"]
[Result "0-1"]
[WhiteElo "2106"]
[BlackElo "2363"]
[PlyCount "84"]
[EventType "swiss"]
[EventCountry "ITA"]
[SourceTitle "Tarvisio"]
[TimeControl "40/5400+30:1800+30"]
[WhiteClock "0:35:00"]
[BlackClock "0:58:00"]

1. d4 Nf6 2. c4 g6 3. Nc3 Bg7 4. e4 d6 5. f3 O-O 6. Nge2 c5 7. Be3 cxd4 8. Nxd4 Nc6 9. Qd2 Nxd4 10. Bxd4 Be6 11. Be2 Qa5 12. O-O Rfc8 13. b3 b5 14. cxb5 Nxe4 15. fxe4 Bxd4+ 16. Qxd4 Rxc3 17. Rfd1 Rc2 18. Bd3 Rd2 19. b4 Rxd1+ 20. Rxd1 Qb6 21. Qf2 Qc7 22. Qd2 Rc8 23. a4 Bb3 24. Ra1 d5 25. exd5 Qe5 26. Re1 Qxd5 27. Rxe7 Bc4 28. Qc3 Qxd3 29. Qxd3 Bxd3 30. Rxa7 Rc4 31. b6 Rxb4 32. a5 Be4 33. Re7 Rb1+ 34. Kf2 Rb2+ 35. Kg3 Bxg2 36. Kf4 Rb3 37. Re2 Bf3 38. Re8+ Kg7 39. Rb8 Kf6 40. a6 g5+ 41. Kg3 Be2+ 42. Kf2 Bxa6 0-1